 Dungeon Crawl Stone Soup version 0.21.1-1-g345015fe64 (webtiles) character file.

904 Chudej the Thaumaturge (level 7, -16/36 HPs)
             Began as a Deep Elf Conjurer on July 8, 2018.
             Was a Follower of Sif Muna.
             Demolished by an orc warrior
             ... wielding a +0 battleaxe
              (25 damage)
             ... on level 8 of the Dungeon.
             The game lasted 00:05:06 (4913 turns).

Chudej the Thaumaturge (Deep Elf Conjurer)          Turns: 4913, Time: 00:05:07

Health: -16/36     AC:  3    Str:  5    XL:     7   Next: 80%
Magic:  2/20       EV: 13    Int: 22    God:    Sif Muna [*.....]
Gold:   270        SH:  0    Dex: 15    Spells: 12/22 levels left

rFire    . . .     SeeInvis .   (no weapon)
rCold    . . .     Gourm    .   (no shield)
rNeg     . . .     Faith    .   a - +0 robe
rPois    .         Spirit   .   (no helmet)
rElec    .         Reflect  .   (no cloak)
rCorr    .         Harm     .   l - +0 pair of gloves (curse)
MR       .....                  (no boots)
Stlth    ++........             (no amulet)
HPRegen  0.12/turn              (no ring)
MPRegen  0.17/turn              (no ring)

@: no status effects
A: no striking features
a: Divine Energy, Renounce Religion


You were on level 8 of the Dungeon.
You worshipped Sif Muna.
Sif Muna was aware of your devotion.
You were not hungry.

You visited 2 branches of the dungeon, and saw 9 of its levels.

You collected 270 gold pieces.

Inventory:

Armour
 a - a +0 robe (worn)
 l - a cursed +0 pair of gloves (worn)
Jewellery
 i - an uncursed ring of protection from cold {unknown}
 o - a +3 ring of strength {unknown}
 p - a +3 ring of dexterity {unknown}
Wands
 m - a wand of enslavement (10)
Scrolls
 d - 2 scrolls of remove curse {unknown}
 e - 7 scrolls of identify {unknown}
 g - a scroll of enchant weapon {unknown}
 h - 2 scrolls of immolation {unknown}
 j - a scroll of blinking {unknown}
 k - 2 scrolls of teleportation {unknown}
 q - a scroll of enchant armour {unknown}
 s - a scroll of magic mapping {unknown}
Potions
 f - 2 potions of curing {unknown}
 n - a potion of haste {unknown}
Books
 b - a book of Conjurations

   Spells                             Type                      Level
   a - Magic Dart                     Conjuration                  1
   b - Searing Ray                    Conjuration                  2
   c - Dazzling Spray                 Conjuration/Hexes            3
   d - Fulminant Prism                Conjuration/Hexes            4
   e - Force Lance                    Conjuration/Translocation    4
   f - Iskenderun's Mystic Blast      Conjuration                  4
Comestibles
 c - 6 rations


   Skills:
 + Level 3.3 Dodging
 - Level 2.4 Stealth
 + Level 8.0 Spellcasting
 * Level 7.9 Conjurations
 * Level 3.2 Hexes


You had 12 spell levels left.
You knew the following spells:

 Your Spells              Type           Power        Failure   Level  Hunger
a - Magic Dart            Conj           ####         1%          1    None
b - Searing Ray           Conj           #####.       1%          2    None
c - Dazzling Spray        Conj/Hex       ####..       2%          3    None
d - Iskenderun's Mystic   Conj           #####...     2%          4    ###....


Dungeon Overview and Level Annotations

Branches:
Dungeon (9/15)             Temple (1/1) D:4
   Lair: D:8-11         Orc: D:9-12

Altars:
Ashenzari
Cheibriados
Dithmenos
Elyvilon
Hepliaklqana
Kikubaaqudgha
Makhleb
Nemelex Xobeh
Qazlal
Ru
Sif Muna
Trog
Uskayaw
Xom
The Shining One

Annotations:
D:6 P0WERM0DE's ghost, amateur GnNe; Pikel


Message History

You hear the hiss of flowing sand.
There is an entrance to an ossuary on this level.
Hurry and find it before the portal is buried!
The orc warrior closely misses you.
The orc warrior hits your centaur with a battleaxe.
There is a stone staircase leading down here.
What are your orders? t - Shout!
Orders for allies: a - Attack new target. r - Retreat! s - Stop attacking. g - Guard the area. f - Follow me.
Anything else - Cancel.
Gang up on whom?
Press: ? - help, Dir - move target cursor, f - orc warrior
Aim: an orc warrior, wielding a battleaxe and wearing a chain mail Attack!
Your centaur unwields an uncursed shortbow.
Your centaur barely misses the orc warrior.
The orc warrior hits you with a battleaxe!!
Ouch! That really hurt!
You die...

#### #...#+##
#.....#
#.....#######
#####....##....#
#..##....##c...#
#...#.....o@...+
#...#...†##...##
#..####..##...#
#..####..##.....
#.....'...........
#.....#..##...##..#
#.o.)##..##...# ###
#'#####..##....
#.(...#... .


You could see an orc warrior and a friendly centaur.

Vanquished Creatures
  Eustachio (D:4)
  3 ogres
  A centaur (D:8)
  Blork the orc (D:4)
  A scorpion (D:8)
  A hound (D:4)
  A bullfrog skeleton (D:4)
  Jessica (D:2)
  Terence (D:3)
  2 iguanas
  A worker ant (D:5)
  A hound skeleton (D:4)
  4 gnolls (D:8)
  2 adders
  2 oozes
  5 worms
  A dart slug (D:1)
  3 leopard geckos
  An orc (D:4)
  3 ball pythons
  4 bats
  A giant cockroach (D:3)
  6 goblins
  7 hobgoblins
  6 jackals (D:2)
  2 quokkas
  3 frilled lizards
  A kobold (D:1)
  A quokka skeleton (D:9)
  5 rats
72 creatures vanquished.

Notes
Turn   | Place    | Note
-------+----------+-------------------------------------------
     0 | D:1      | Chudej the Deep Elf Conjurer began the quest for the Orb.
     0 | D:1      | Reached XP level 1. HP: 10/10 MP: 6/6
   118 | D:1      | Reached XP level 2. HP: 15/15 MP: 4/8
   122 | D:1      | Learned a level 2 spell: Searing Ray
   743 | D:2      | Reached skill level 4 in Spellcasting
   754 | D:2      | Reached skill level 5 in Conjurations
   754 | D:2      | Reached XP level 3. HP: 19/19 MP: 2/10
   999 | D:2      | Noticed Jessica
  1004 | D:2      | Killed Jessica
  1179 | D:2      | Reached XP level 4. HP: 19/24 MP: 2/12
  1765 | D:3      | Reached skill level 5 in Spellcasting
  2272 | D:3      | Found a hide-covered altar of Uskayaw.
  2774 | D:3      | Noticed Terence
  2781 | D:3      | Killed Terence
  2963 | D:4      | Reached XP level 5. HP: 25/28 MP: 6/14
  3094 | D:4      | Found a staircase to the Ecumenical Temple.
  3103 | Temple   | Entered the Ecumenical Temple
  3164 | Temple   | Became a worshipper of Sif Muna the Loreminder
  3256 | D:4      | Noticed Blork the orc
  3266 | D:5      | Entered Level 5 of the Dungeon
  3363 | D:4      | Killed Blork the orc
  3363 | D:4      | Reached skill level 6 in Spellcasting
  3464 | D:4      | Found a sacrificial altar of Ru.
  3499 | D:4      | Noticed an ogre
  3506 | D:4      | Killed an ogre
  3506 | D:4      | Reached XP level 6. HP: 32/32 MP: 8/17
  3624 | D:4      | Noticed Eustachio
  3633 | D:4      | Killed Eustachio
  3633 | D:4      | Reached skill level 7 in Spellcasting
  3842 | D:4      | Reached XP level 7. HP: 31/36 MP: 12/19
  4356 | D:5      | Learned a level 3 spell: Dazzling Spray
  4458 | D:6      | Noticed P0WERM0DE's ghost (amateur GnNe)
  4516 | D:6      | Noticed Pikel
  4521 | D:6      | You fall through a shaft for 3 floors!
  4647 | D:9      | Reached skill level 1 in Hexes
  4686 | D:9      | Learned a level 4 spell: Iskenderun's Mystic Blast
  4792 | D:8      | Reached * piety under Sif Muna
  4892 | D:8      | Reached skill level 8 in Spellcasting
  4913 | D:8      | Demolished by an orc warrior

Skill      XL: |  1  2  3  4  5  6  7 |
---------------+----------------------+-----
Spellcasting   | 4 5 6 7 8 |  8.0
Conjurations   | 5 6 7 |  7.9
Hexes          | 3 |  3.2
Dodging        | 3 |  3.3
Stealth        | |  2.4

Action                   |  1- 3 |  4- 6 |  7- 9 || total
-------------------------+-------+-------+-------++-------
Melee: Unarmed           |       |    12 |       ||    12
 Cast: Magic Dart        |    48 |    62 |    12 ||   122
       Searing Ray       |     3 |    13 |     7 ||    23
       Iskenderun's Myst |       |       |     3 ||     3
Evoke: Wand              |       |       |     1 ||     1
  Eat: Chunk             |       |     8 |     4 ||    12
Armor: Robe              |       |     4 |       ||     4
Dodge: Dodged            |     5 |    22 |    15 ||    42
